Map: King Sejong Station LE

Players

Blackmoras

  • Race: Terran Terran

Gracz - Winner!

  • Race: Zerg Zerg
  • League: Silver

VOD

Have the link to the VOD?

Description

Time

  • Played on: Oct. 26, 2016, 2:05 p.m.
  • Length: 14:04
Show
View Real Time Build Order
Export as new Build Order

Blackmoras Terran 

Build Orders:  

Get SALT Encoding   

  12  0:01  SCV  
  13  0:13  SCV  
  14  0:26  Supply Depot  
  14  0:27  SCV  
  15  0:45  Engineering Bay  
  15  0:47  SCV  
  16  0:59  SCV  
  17  1:11  SCV  
  17  1:16  Engineering Bay  
  18  1:24  SCV  
  19  1:33  Refinery  
  19  1:37  SCV  
  20  1:51  Barracks  
  20  2:00  Barracks  
  20  2:12  SCV  
  21  2:26  Barracks  
  21  2:40  Marine  
  21  2:42  SCV  
  23  2:54  Supply Depot  
  23  2:59  Supply Depot  
  23  3:07  Terran Infantry Weapons Level 1  
  23  3:15  Marine x2  
  23  3:16  SCV  
  26  3:20  Marine  
  27  3:28  SCV  
  27  3:33  Marine x2, Terran Infantry Armor Level 1  
  30  3:38  Marine  
  30  3:39  Refinery  
  31  3:46  Supply Depot  
  31  3:51  Marine x2  
  33  3:56  Marine  
  33  4:01  Bunker  
  34  4:09  Marine x2, Orbital Command  
  36  4:13  Marine  
  37  4:20  Supply Depot  
  37  4:27  Marine x2  
  37  4:30  Unknown, Command Center  
  39  4:31  Marine  
  40  4:43  Factory  
  40  5:10  Barracks Reactor  
  40  5:21  Barracks Reactor  
  40  5:22  Barracks Reactor  
  40  5:41  Factory Tech Lab  
  40  5:42  Unknown  
  40  5:49  Armory  
  40  6:04  Factory  
  40  6:19  Siege Tank  
  40  6:25  Marine x2  
  45  6:27  Marine x2  
  45  6:29  Marine x2  
  49  6:39  Refinery  
  49  6:41  SCV  
  49  6:43  Marine x2  
  49  6:45  Marine x2  
  54  6:47  Marine x2  
  54  6:53  SCV  
  57  7:00  Marine  
  57  7:01  Marine  
  59  7:02  Marine  
  59  7:03  Marine  
  59  7:05  Marine x2, SCV  
  64  7:17  SCV  
  64  7:18  Marine x2  
  64  7:20  Marine x2  
  69  7:22  Marine  
  70  7:37  Factory Tech Lab  
  70  7:53  Supply Depot  
  70  8:15  Marine, SCV, Reaper x4  
  70  8:17  Refinery  
  76  8:27  SCV  
  77  8:39  SCV  
  78  8:50  Supply Depot  
  78  8:57  Terran Infantry Weapons Level 2  
  78  9:00  Terran Infantry Armor Level 2  
  78  9:12  Siege Tank, SCV, Reaper x2  
  78  9:13  Supply Depot  
  84  9:19  Supply Depot  
  84  9:24  SCV  
  85  9:35  Siege Tank  
  88  10:08  Marine x2  
  88  10:10  Marine x2  
  88  10:12  Marine x2  
  94  10:17  Siege Tank  
  94  10:20  Siege Tank  
  100  10:26  Marine x2  
  102  10:28  Supply Depot  
  102  10:34  Supply Depot  
  102  10:49  Marine x5  
  102  10:50  Siege Tank  
  102  10:54  Unknown, Command Center  
  102  10:55  Marine  
  111  11:07  Marine x5  
  116  11:13  Marine, Supply Depot  
  117  11:18  Supply Depot  
  117  11:25  Marine  
  117  11:28  Supply Depot  
  118  11:34  Marine x2  
  118  11:35  Siege Tank x2  
  126  11:40  Marine  
  127  11:47  Missile Turret  
  127  11:57  Supply Depot  
  127  12:06  Unknown  
  127  12:07  Siege Tank  
  130  12:08  SCV  
  131  12:16  SCV  
  131  12:20  SCV  
  133  12:23  Refinery  
  133  12:28  SCV  
  134  12:40  SCV  
  135  12:55  Supply Depot  
  135  13:03  Supply Depot  
  135  13:16  Starport  
Show
View Real Time Build Order
Export as new Build Order

Gracz Zerg - Winner!

Build Orders: Hatch First 

Get SALT Encoding   

  12  0:01  Drone  
  13  0:13  Overlord  
  13  0:23  Drone  
  14  0:33  Drone x2  
  16  0:57  Unknown, Hatchery  
  16  1:03  Drone x3  
  18  1:19  Extractor, Spawning Pool  
  18  1:20  Drone  
  17  1:27  Overlord  
  17  1:38  Drone  
  18  1:47  Drone  
  19  1:58  Drone  
  20  2:08  Unknown, Queen  
  20  2:10  Queen  
  24  2:17  Roach Warren  
  24  2:22  Drone x3  
  26  2:23  Extractor, Drone  
  26  2:41  Drone x3  
  30  3:05  Drone  
  30  3:06  Drone x4  
  30  3:12  Lair  
  34  3:16  Drone  
  35  3:27  Evolution Chamber  
  35  3:31  Drone  
  35  3:32  Evolution Chamber, Drone  
  35  3:47  Drone  
  36  3:51  Overlord  
  36  3:54  Overlord  
  36  3:59  Overlord  
  36  4:11  Zerg Ground Armor Level 1  
  36  4:12  Zerg Melee Weapons Level 1  
  36  4:13  Glial Reconstitution  
  36  4:23  Spire  
  36  4:31  Drone x3  
  36  4:32  Drone x6  
  36  4:35  Extractor  
  36  4:37  Extractor  
  42  4:44  Infestation Pit  
  41  4:54  Queen x2  
  45  5:03  Drone x3  
  45  5:04  Drone x2  
  50  5:18  Hydralisk Den  
  49  5:44  Metabolic Boost  
  49  5:47  Zerg Flyer Weapons Level 1  
  49  5:48  Lurker Den  
  49  5:51  Hive  
  49  6:04  Unknown, Hatchery  
  49  6:11  Zerg Ground Armor Level 2  
  48  6:19  Drone x5  
  53  6:31  Zerg Melee Weapons Level 2  
  53  7:16  Unknown  
  53  7:21  Drone  
  54  7:23  Ultralisk Cavern  
  54  7:25  Drone x7  
  54  7:26  Drone x6  
  54  7:27  Overlord  
  54  7:28  Overlord x2  
  66  7:41  Pneumatized Carapace  
  66  7:49  Adrenal Glands  
  66  7:53  Roach  
  66  7:54  Roach x11  
  66  7:57  Overlord x2  
  90  8:16  Hydralisk x5  
  100  8:20  Hydralisk x2  
  104  8:39  Drone x2  
  104  8:40  Extractor x2  
  104  8:52  Chitinous Plating  
  104  8:54  Zerg Ground Armor Level 3  
  104  9:06  Drone x2  
  106  9:20  Unknown, Hatchery  
  105  9:30  Overlord  
  105  9:31  Overlord x2  
  105  9:47  Overlord x4  
  105  9:58  Ultralisk  
  105  9:59  Ultralisk x3  
  129  10:01  Overlord x3  
  129  10:06  Overseer x2  
  129  10:07  Overseer  
  129  10:31  Drone x4  
  129  10:32  Unknown, Drone x5  
  138  10:35  Zergling x2  
  138  10:41  Extractor  
  138  10:42  Extractor  
  137  10:44  Zerg Melee Weapons Level 3  
  137  10:47  Greater Spire  
  137  10:50  Corruptor  
  137  10:51  Corruptor x5  
  149  11:00  Lurker  
  149  11:03  Lurker  
  151  11:09  Lurker  
  152  11:16  Drone x9  
  167  11:25  Ultralisk  
  167  11:33  Ultralisk  
  167  11:34  Corruptor  
  167  11:37  Zergling x16  
  167  11:38  Zergling x2  
  184  11:49  Overseer  
  184  11:55  Hydralisk x3  
  184  11:58  Roach  
  184  12:00  Overlord x3  
  192  12:27  Brood Lord x4  
Tags
 
Add a new tag
Caveats
  • Supply blocks, unpowered buildings, or Contaminate may cause inaccurate times.
  • Supply counts are checked every 10 seconds.